Map: Ley Lines

Players

wootwoot - Winner!

  • Race: Protoss Protoss
  • League: Silver
  • Spawn Location: 1:00

Yasukinsan

  • Race: Zerg Zerg
  • League: Silver
  • Spawn Location: 7:00

VOD

Have the link to the VOD?

Description

Time

  • Played on: April 1, 2025, 4:26 p.m.
  • Length: 4:27
Show
View Real Time Build Order
Export as new Build Order

wootwoot Protoss - Winner!

Build Orders:  

Get SALT Encoding   

  12  0:00  Probe  
  13  0:12  Probe  
  14  0:18  Pylon  
  14  0:24  Probe  
  15  0:36  Probe  
  15  0:40  Gateway  
  16  0:48  Probe  
  17  0:50  Assimilator  
  17  0:55  Assimilator  
  17  1:01  Probe  
  18  1:04  Pylon  
  18  1:13  Probe  
  19  1:25  Probe  
  20  1:27  Cybernetics Core  
  20  1:33  Warp Gate  
  20  1:37  Probe  
  21  1:49  Probe  
  22  2:01  Probe  
  23  2:09  Gateway  
  23  2:10  Gateway  
  23  2:17  Gateway  
  23  2:49  Pylon  
  23  3:19  Pylon  
  23  3:21  Stalker x4  
  29  3:34  Pylon  
  29  3:47  Stalker  
  31  3:53  Stalker x2  
  35  4:07  Stalker  
  37  4:18  Stalker x2  
  37  4:21  Stalker  
Show
View Real Time Build Order
Export as new Build Order

Yasukinsan Zerg 

Build Orders: Pool First 

Get SALT Encoding   

  12  0:10  Drone x2  
  14  0:30  Spawning Pool  
  13  0:37  Extractor  
  13  0:40  Extractor  
  13  0:41  Drone x2  
  13  0:46  Drone  
  16  1:06  Extractor  
  15  1:12  Hatchery  
  14  1:24  Extractor  
  14  1:25  Drone  
  15  1:38  Roach Warren  
  14  1:51  Evolution Chamber  
  13  1:55  Evolution Chamber  
  13  1:59  Zergling x4, Extractor  
  13  2:00  Zergling x2  
  17  2:23  Overlord  
  17  2:32  Roach  
  19  2:40  Queen  
  19  2:42  Roach  
  23  2:46  Roach x2  
  27  2:55  Overlord  
  27  3:05  Spine Crawler  
  26  3:10  Roach  
  27  3:32  Roach  
  27  3:33  Roach x2  
Tags
 
Matchup
PvZ
Opening
Pool First
Replay Pack
B2M-Replays
Spawn Locations
Cross Positions
Add a new tag
Caveats
  • Supply blocks, unpowered buildings, or Contaminate may cause inaccurate times.
  • Supply counts are checked every 10 seconds.